Map: Glittering Ashes LE

Players

Reynor - Winner!

  • Race: Zerg Zerg
  • League: Master

LiquidClem (Clem)

  • Race: Terran Terran
  • League: Master

VOD

Have the link to the VOD?

Description

Time

  • Played on: Dec. 13, 2021, 5:01 p.m.
  • Length: 5:18
Show
View Real Time Build Order
Export as new Build Order

Reynor Zerg - Winner!

Build Orders: Hatch First 

Get SALT Encoding   

  12  0:00  Drone  
  13  0:13  Overlord  
  13  0:16  Drone  
  14  0:31  Drone x2  
  16  0:47  Hatchery  
  15  0:50  Drone  
  15  0:54  Drone  
  15  0:57  Drone  
  18  1:08  Extractor  
  17  1:12  Spawning Pool  
  17  1:15  Drone  
  17  1:18  Drone  
  18  1:28  Drone  
  19  1:39  Drone  
  20  1:50  Overlord  
  20  1:58  Queen  
  20  1:59  Zergling x2, Queen  
  20  2:01  Zergling x2  
  26  2:07  Metabolic Boost  
  26  2:09  Drone  
  26  2:11  Drone  
  28  2:21  Drone  
  28  2:22  Drone  
  30  2:33  Hatchery  
  29  2:40  Drone x2  
  29  2:42  Drone  
  32  2:48  Overlord  
  32  2:51  Queen  
  34  2:58  Overlord  
  34  3:07  Drone  
  34  3:08  Drone  
  36  3:14  Overlord  
  36  3:16  Queen  
  36  3:18  Drone x4  
  42  3:21  Zergling x2  
  42  3:25  Zergling x2  
  44  3:32  Queen  
  44  3:33  Drone  
  47  3:35  Overlord  
  47  3:41  Drone  
  48  3:46  Drone x2  
  48  3:50  Queen  
  48  3:52  Drone  
  51  3:57  Drone x2  
  51  4:01  Drone x3  
  56  4:04  Queen  
  56  4:08  Overlord  
  59  4:10  Queen, Zergling x4  
  63  4:17  Zergling x2  
  63  4:19  Zergling x4  
  63  4:23  Overlord  
  65  4:24  Zergling x2  
  65  4:27  Overlord  
  65  4:31  Zergling x12  
  72  4:34  Queen  
  74  4:39  Overlord  
  74  4:41  Drone  
  74  4:42  Drone x2  
  77  4:49  Drone x2  
  77  4:52  Overlord  
  81  4:53  Drone x2  
  81  4:59  Evolution Chamber  
  82  5:00  Evolution Chamber  
  82  5:01  Drone x3  
  86  5:10  Spore Crawler  
Show
View Real Time Build Order
Export as new Build Order

LiquidClem Terran 

Build Orders: Reaper Expand, Hellion Banshee 

Get SALT Encoding   

  12  0:00  SCV  
  13  0:12  SCV  
  14  0:16  Supply Depot  
  14  0:24  SCV  
  15  0:38  SCV  
  15  0:40  Barracks  
  16  0:45  Refinery  
  16  0:50  SCV  
  17  1:02  SCV  
  18  1:14  SCV  
  19  1:27  Reaper, Orbital Command  
  20  1:39  Command Center  
  20  1:46  Supply Depot  
  20  1:52  SCV  
  21  1:59  Marine  
  22  2:04  SCV  
  23  2:11  Factory  
  23  2:16  SCV  
  23  2:22  Barracks Reactor  
  24  2:28  SCV  
  25  2:41  Command Center  
  25  2:42  SCV  
  26  2:51  Orbital Command  
  26  2:54  SCV  
  27  3:00  Starport  
  27  3:02  Refinery  
  27  3:06  SCV  
  27  3:09  Hellion  
  30  3:14  Hellion  
  30  3:16  SCV  
  30  3:18  SCV  
  34  3:20  Barracks Tech Lab  
  34  3:28  SCV  
  34  3:31  Hellion  
  37  3:35  Hellion, SCV  
  37  3:40  SCV  
  41  3:47  SCV  
  40  3:50  Banshee  
  40  3:52  SCV  
  40  3:53  Orbital Command  
  44  3:59  SCV  
  44  4:00  Hellion x2  
  49  4:04  SCV  
  50  4:12  SCV  
  50  4:13  Supply Depot  
  50  4:16  SCV  
  52  4:19  Barracks Tech Lab  
  52  4:20  SCV  
  53  4:24  SCV  
  53  4:30  SCV  
  55  4:32  Factory Reactor  
  55  4:34  Barracks  
  55  4:35  Barracks  
  55  4:38  Supply Depot  
  58  4:39  SCV  
  58  4:40  SCV  
  58  4:41  Marine  
  58  4:42  SCV  
  62  4:50  Refinery  
  62  4:52  Refinery, SCV x2  
  64  4:56  SCV  
  64  4:58  Engineering Bay  
  65  5:01  Engineering Bay  
  65  5:04  SCV  
  68  5:15  Supply Depot  
Tags
 
Add a new tag
Caveats
  • Supply blocks, unpowered buildings, or Contaminate may cause inaccurate times.
  • Supply counts are checked every 10 seconds.